 Dungeon Crawl Stone Soup version 0.31-a0-1539-g569d6c7dce (webtiles) character file.

Game seed: 15786194126449786446

12442 Iwannabefree the Arsonist (level 11, -7/84 HPs)
             Began as a Human Fire Elementalist on Jan 1, 2024.
             Was an Elder of Ashenzari.
             Mangled by a komodo dragon (22 damage)
             ... on level 10 of the Dungeon.
             The game lasted 00:34:51 (9220 turns).

Iwannabefree the Arsonist (Human Fire Elementalist) Turns: 9220, Time: 00:34:52

Health: -7/84      AC:  7    Str: 14    XL:     11   Next: 93%
Magic:  3/25       EV: 13    Int: 21    God:    Ashenzari [****..]
Gold:   360        SH:  0    Dex: 13    Spells: 18/31 levels left

rFire   . . .        o - +0 falchion
rCold   . . .        (no shield)
rNeg    . . .        O - +0 steam dragon scales
rPois   +            (no helmet)
rElec   .            w - +0 cloak of the Lashed Stickiness {Self, Dev} (curse)
rCorr   .            h - +0 pair of gloves "Cosmic Dismay" {Fort, Dev} (curse)
SInv    +            j - -1 pair of boots of Ashenzari's Disgust {Cun, Bglg} (curse)
Will    .....        y - amulet "Profound Sorrow" {Regen+, Melee, Self} (curse)
Stlth   ++           g - ring of the Ruined Moon {rPois, Bglg, Fort} (curse)
HPRegen 1.14/turn    n - ring "Shattered Together" {Int+6, Cun, Range} (curse)
MPRegen 0.19/turn

%: clarity
@: no status effects
A: explore regen
a: Renounce Religion, Shatter the Chains


You were on level 10 of the Dungeon.
You worshipped Ashenzari.
Ashenzari was greatly pleased with you.
You visited 3 branches of the dungeon, and saw 12 of its levels.
You also visited: Bailey.

You collected 607 gold pieces.
You spent 247 gold pieces at shops.

Inventory:

Hand Weapons
 o - a +0 falchion (weapon)
 z - a +0 morningstar
 G - a +0 scimitar
 N - a +3 great mace of protection
Missiles
 c - a throwing net
Armour
 h - the cursed +0 pair of gloves "Cosmic Dismay" (worn) {Fort, Dev}
   (You found it on level 1 of the Dungeon)

   It has a curse which improves the following skills: Fortitude: Armour and
   Shields.
   Devices:   Evocations and Shapeshifting.
 j - the cursed -1 pair of boots of Ashenzari's Disgust (worn) {Cun, Bglg}
   (You found it on level 1 of the Dungeon)

   It has a curse which improves the following skills: Cunning: Dodging and
   Stealth.
   Beguiling: Hexes and Translocations.
 w - the cursed +0 cloak of the Lashed Stickiness (worn) {Self, Dev}
   (You found it on level 3 of the Dungeon)

   It has a curse which improves the following skills: Introspection: Fighting
   and Spellcasting.
   Devices:   Evocations and Shapeshifting.
 O - +0 steam dragon scales (worn)
Jewellery
 g - the cursed ring of the Ruined Moon (left hand) {rPois, Bglg, Fort}
   (You found it on level 1 of the Dungeon)

   [ring of poison resistance]

   rPois:     It protects you from poison It has a curse which improves the
   following skills: Beguiling: Hexes and Translocations.
   Fortitude: Armour and Shields.
 n - the cursed ring "Shattered Together" (right hand) {Int+6, Cun, Range}
   (You found it on level 1 of the Dungeon)

   [ring of intelligence]

   Int+6:     It affects your intelligence (+6).
   It has a curse which improves the following skills: Cunning: Dodging and
   Stealth.
   Ranged Combat: Ranged Weapons and Throwing.
 p - the ring of Zary {rPois rC- rN+ Will+++ rCorr}
   (You found it on level 3 of the Dungeon)

   [ring of resist corrosion]

   rC-:       It makes you vulnerable to cold.
   rPois:     It protects you from poison rN+: It protects you from negative
   energy.
   Will+++:   It greatly increases your willpower.
   rCorr:     It protects you from acid and corrosion.
 y - the cursed amulet "Profound Sorrow" (around neck) {Regen+, Melee, Self}
   (You found it on level 4 of the Dungeon)

   [amulet of regeneration]

   Regen+:    It increases your rate of health regeneration.
   It has a curse which improves the following skills: Melee Combat: Short
   Blades, Long Blades, Axes, Maces & Flails, Polearms, Staves and Unarmed
   Combat.
   Introspection: Fighting and Spellcasting.
 A - a ring of willpower
Wands
 d - a wand of digging (5)
 u - a wand of charming (15)
 J - a wand of acid (8)
 M - a wand of flame (11)
Scrolls
 a - 2 scrolls of butterflies
 e - a scroll of teleportation
 f - 3 scrolls of enchant weapon
 k - 2 scrolls of revelation
 l - a scroll of silence
 x - 2 scrolls of vulnerability
 B - 4 scrolls of fog
 C - 2 scrolls of brand weapon
 E - a scroll of immolation
 I - a scroll of torment
 L - a scroll of blinking
Potions
 b - 5 potions of magic
 i - 3 potions of enlightenment
 m - 2 potions of attraction
 q - 4 potions of curing
 r - 3 potions of lignification
 s - 10 potions of ambrosia
 t - a potion of cancellation
 v - a potion of mutation
 D - a potion of brilliance
 F - a potion of resistance
 K - a potion of berserk rage


   Skills:
 - Level 4.5(7.1) Fighting
 + Level 4.9(6.7) Maces & Flails
 - Level 2.0(4.0) Dodging
 - Level 2.0(4.0) Stealth
 - Level 8.0(10.8) Spellcasting
 - Level 10.9 Conjurations
 - Level 11.2 Fire Magic


You had 18 spell levels left.
You knew the following spells:

 Your Spells              Type           Power      Damage    Failure   Level
a - Foxfire               Conj/Fire      100%       2x1d9     1%          1
b - Scorch                Fire           100%       2d9       1%          2
c - Flame Wave            Conj/Fire      55%        2d13      1%          4
d - Starburst             Conj/Fire      27%        6d9       10%         6

Your spell library contained the following spells:

 Spells                   Type           Power      Damage    Failure   Level
 Kiss of Death            Conj/Necr      100%       2d13      1%          1
 Sting                    Conj/Alch      100%       1d9       1%          1
 Dazzling Flash           Conj/Hex       70%        N/A       1%          3
 Inner Flame              Hex/Fire       35%        N/A       1%          3
 Volatile Blastmotes      Fire/Tloc      70%        2d15      1%          3
 Confusing Touch          Hex            12%        N/A       16%         3
 Dispel Undead            Necr           11%        3d9       52%         4
 Leda's Liquefaction      Alch/Erth      5%         N/A       52%         4
 Summon Lightning Spire   Summ/Air       11%        N/A       52%         4
 Summon Forest            Summ/Tloc      6%         N/A       83%         5
 Maxwell's Capacitive Co  Air            5%         ∞         100%        8


Dungeon Overview and Level Annotations

Branches:
Dungeon (10/15)            Temple (1/1) D:4            Lair (1/5) D:8
    Orc (0/2) D:10         Bailey (visited)

Altars:
Ashenzari
Cheibriados
Dithmenos
Elyvilon
Fedhas
Gozag
Hepliaklqana
Kikubaaqudgha
Makhleb
Nemelex Xobeh
Okawaru
Qazlal
Ru
Sif Muna
Trog
Uskayaw
Vehumet
Wu Jian
Xom
Yredelemnul
Zin
The Shining One

Shops:
D:1 :=[   D:5 (   D:6 (*   D:9 *

Annotations:
D:3 1 runed translucent door, inmateoo's ghost, amateur MiFi
D:10 Urug


Innate Abilities, Weirdness & Mutations

You regain HP and MP as you explore.


Message History

You feel your power leaking away.
Casting: Flame Wave (mildly dangerous; 1% risk of failure)
Confirm with . or Enter, or press ? or * to list all spells.
Casting: Flame Wave (mildly dangerous; 1% risk of failure)
Press: ? - help, Dir - look around, f - activate A wave of flame ripples out!
The flame wave engulfs the orc!
You kill the orc!
The flame wave engulfs the orc warrior but does no damage. (Press . to intensify the flame waves.)
You hear a shout!
The orc warrior closely misses you.
A komodo dragon comes into view.
A wave of flame ripples out!
The flame wave engulfs the orc warrior!
The orc warrior is heavily wounded.
The flame wave engulfs the orc.
The orc is lightly wounded.
You hear a shout!
The orc warrior barely misses you.
A wave of flame ripples out!
The flame wave engulfs the orc!!
You kill the orc!
The flame wave engulfs the orc warrior!
The orc warrior is severely wounded.
The flame wave engulfs the centaur!
The centaur is heavily wounded.
You finish channelling waves of flame.
The orc warrior hits you with a +0 dire flail.
The centaur unwields a +3 antimagic orcbow.
The centaur hits you but does no damage.
The centaur misses you.
Casting: Flame Wave (mildly dangerous; 1% risk of failure)
Confirm with . or Enter, or press ? or * to list all spells.
Casting: Flame Wave (mildly dangerous; 1% risk of failure)
Press: ? - help, Dir - look around, f - activate A wave of flame ripples out!
The flame wave engulfs the centaur!!
You kill the centaur!
The flame wave engulfs the orc warrior!
You kill the orc warrior! (Press . to intensify the flame waves.) Urug the Orcish Ballista comes into view.
She is wielding a +0 demon trident.
Casting: Flame Wave (mildly dangerous; 1% risk of failure)
Confirm with . or Enter, or press ? or * to list all spells.
Okay, then.
The komodo dragon attacks as it pursues you!
The komodo dragon misses you.
The komodo dragon attacks as it pursues you!
The komodo dragon completely misses you.
The komodo dragon attacks as it pursues you!
The komodo dragon closely misses you.
The komodo dragon attacks as it pursues you!
The komodo dragon misses you.
Casting: Flame Wave (mildly dangerous; 1% risk of failure)
Confirm with . or Enter, or press ? or * to list all spells.
Okay, then.
Casting: Flame Wave (mildly dangerous; 1% risk of failure)
Confirm with . or Enter, or press ? or * to list all spells.
Casting: Flame Wave (mildly dangerous; 1% risk of failure)
Press: ? - help, Dir - look around, f - activate A wave of flame ripples out!
The flame wave engulfs the komodo dragon!
The komodo dragon is moderately wounded. (Press . to intensify the flame waves.)
The komodo dragon bites you!!
A wave of flame ripples out!
The flame wave engulfs the komodo dragon!
The komodo dragon is severely wounded.
The flame wave engulfs Urug.
Urug is lightly wounded.
Urug hits you from afar with a +0 demon trident.
The komodo dragon bites you!!
* * * LOW HITPOINT WARNING * * *
A wave of flame ripples out!
The flame wave engulfs the komodo dragon.
The komodo dragon is almost dead.
The flame wave engulfs Urug.
Urug is lightly wounded.
You finish channelling waves of flame.
Urug hits you from afar with a +0 demon trident!!
* * * LOW HITPOINT WARNING * * *
The komodo dragon bites you!!
You die...

,....###*...,*****,**#.*
,.8.....*#.#,,,,,,,,...###
,.......##.#******,#*#....
,......)..)#######.# #####
,.>....8..o........#
,......o.####o..########
,.......## #.#...#....###
,.8.....#####.....#.......
,....####@lo...#.....#####
,........####..#..#....#..
*#####...* ######.....#..
,,,,...#.* ###..#.....
,,....##.* #.#..#....#
,....*#.* #.######...
,...,,..* #.........#
,..,,*##* ######....#
,,,,,* ######


You could see Urug and a komodo dragon.

Vanquished Creatures
  2 two-headed ogres (D:8)
  A cyclops (D:7)
  A black mamba (Lair:1)
  2 cane toads (Lair:1)
  An unseen horror (D:10)
  A komodo dragon (Lair:1)
  A queen bee (D:10)
  A troll (D:9)
  A slime creature (D:9)
  A wraith (D:8)
  3 wyverns
  A yak (Lair:1)
  A shadow (D:8)
  A vampire (D:9)
  A human (Bailey)
  2 steam dragons
  Grum (Lair:1)
  Menkaure (D:6)
  4 water moccasins
  An acid dragon (D:9)
  2 ice beasts
  5 black bears
  A sky beast (D:7)
  3 orc warriors
  2 ogres
  5 centaurs
  2 wolves (Lair:1)
  2 phantoms
  2 kobold brigands (D:9)
  A gnoll sergeant (D:9)
  22 bullfrogs
  5 scorpions
  5 wights (D:9)
  A burial acolyte (D:7)
  24 killer bees (D:10)
  9 howler monkeys
  3 bombardier beetles
  7 orc priests
  9 hounds
  2 jellies
  A sleepcap (D:5)
  7 orc wizards
  2 iguanas
  2 hound zombies (D:7)
  8 gnolls
  11 adders
  5 shadow imps
  An adder zombie (D:7)
  6 dart slugs
  A ribbon worm (D:3)
  30 orcs
  4 endoplasms
  3 giant cockroaches (D:1)
  9 goblins
  13 hobgoblins
  9 jackals
  14 kobolds
  3 quokkas
  3 ball pythons
  5 bats
  2 frilled lizards
  A gnoll zombie (D:7)
  3 kobold zombies (D:7)
  3 rats
286 creatures vanquished.

Vanquished Creatures (others)
  Prince Ribbit (Bailey)
  518 foxfires
519 creatures vanquished.

Grand Total: 805 creatures vanquished

Notes
Turn   | Place    | Note
-------+----------+-------------------------------------------
     0 | D:1      | Iwannabefree the Human Fire Elementalist began the quest
                  | for the Orb.
     0 | D:1      | Reached XP level 1. HP: 13/13 MP: 3/3
   165 | D:1      | Found Jucuj's Jewellery Emporium.
   165 | D:1      | Found a faded altar of an unknown god.
   350 | D:1      | Found Sejuxof's Armour Boutique.
   407 | D:1      | Reached XP level 2. HP: 19/19 MP: 1/5
   520 | D:1      | Noticed a walking divine tome
   521 | D:1      | Found Yluoteck's Book Shop.
   522 | D:1      | Noticed a walking frostbound tome
   941 | D:2      | Reached XP level 3. HP: 24/24 MP: 3/6
  1264 | D:2      | Learned a level 2 spell: Scorch
  1431 | D:2      | Reached XP level 4. HP: 30/30 MP: 4/8
  1858 | D:3      | Identified the ring of Zary {rPois rC- rN+ Will+++ rCorr}
  1994 | D:3      | Identified the +0 robe of the Distant Future {Int+3}
  2012 | D:2      | Reached skill level 4 in Fire Magic
  2012 | D:2      | Reached XP level 5. HP: 11/35 MP: 1/9
  2156 | D:3      | Found a radiant altar of Vehumet.
  2319 | D:3      | Found a runed translucent door.
  2428 | D:3      | Noticed inmateoo's ghost (amateur MiFi)
  2728 | D:4      | Noticed an ogre
  2735 | D:4      | Killed an ogre
  2736 | D:4      | Reached XP level 6. HP: 41/41 MP: 4/11
  2863 | D:4      | Found a staircase to the Ecumenical Temple.
  2868 | Temple   | Entered the Ecumenical Temple
  2883 | Temple   | Became a worshipper of Ashenzari the Shackled
  3057 | D:4      | Noticed a +0 short sword
  3057 | D:4      | Noticed a +0 short sword
  3058 | D:4      | Noticed a +0 falchion
  3058 | D:4      | Noticed a +0 spear
  3059 | D:4      | Noticed a +0 spear
  3060 | D:4      | Noticed a +0 dagger
  3060 | D:4      | Noticed a +0 falchion
  3061 | D:4      | Noticed a +0 dagger
  3074 | D:4      | Found a hide-covered altar of Uskayaw.
  3284 | D:4      | Learned a level 4 spell: Flame Wave
  3456 | D:4      | Reached skill level 5 in Fire Magic
  3456 | D:4      | Reached XP level 7. HP: 41/46 MP: 8/13
  3537 | D:4      | Found a burning altar of Makhleb.
  3679 | D:5      | Entered Level 5 of the Dungeon
  4150 | D:5      | Reached skill level 5 in Spellcasting
  4150 | D:5      | Reached skill level 5 in Conjurations
  4150 | D:5      | Reached XP level 8. HP: 43/52 MP: 3/16
  4473 | D:5      | Reached skill level 6 in Fire Magic
  4571 | D:5      | Found Ypluts's Antique Weapon Emporium.
  4579 | D:5      | Iwannabefree: ??singing sword
  4579 | D:5      | beem: singing sword[1/5]: A noisy unrand +11 double sword
                  | with a lot to say. Can blast all monsters and allies in LOS
                  | with irresistable sonic damage upon successful melee, with
                  | chance and spellpower increasing with {tension} (how many
                  | and how dangerous the monsters are). Its melee noise also
                  | increases with tension, up the the loudness of the {shield
                  | of the gong}. Was +7 vorpal in 0.29-.
  4589 | D:5      | Reached * piety under Ashenzari
  4848 | D:6      | Found Wuwigajo's Elemental Accessories.
  4896 | D:6      | Found Anuacweu's Antique Weapon Boutique.
  5038 | D:6      | Noticed Menkaure
  5065 | D:6      | Killed Menkaure
  5084 | D:6      | Reached skill level 7 in Fire Magic
  5084 | D:6      | Reached XP level 9. HP: 57/57 MP: 7/20
  5322 | D:7      | Reached ** piety under Ashenzari
  5355 | D:7      | Found a flagged portal.
  5373 | Bailey   | Entered a bailey
  5569 | Bailey   | Noticed Prince Ribbit
  5569 | Bailey   | Noticed a vault guard
  5572 | Bailey   | Noticed a vault guard
  5587 | Bailey   | HP: 5/57 [vault guard/+0 broad axe (11)]
  5595 | Bailey   | Your ally Prince Ribbit died
  5659 | D:7      | Reached skill level 8 in Fire Magic
  5863 | D:7      | Found an ancient bone altar of Kikubaaqudgha.
  5960 | D:7      | Noticed a cyclops
  5967 | D:7      | Reached XP level 10. HP: 50/63 MP: 7/23
  6130 | D:7      | Killed a cyclops
  6183 | D:7      | Reached skill level 1 in Fighting
  6447 | D:8      | Noticed a two-headed ogre
  6636 | D:8      | Found a staircase to the Lair.
  6755 | Lair:1   | Entered Level 1 of the Lair of Beasts
  6836 | Lair:1   | Identified the Omnibus of the Nocuous Mob
  6840 | Lair:1   | Noticed a cane toad
  6846 | Lair:1   | Killed a cane toad
  6847 | Lair:1   | Reached skill level 9 in Fire Magic
  6918 | Lair:1   | Reached *** piety under Ashenzari
  6954 | Lair:1   | Noticed Grum
  6958 | Lair:1   | Noticed a black mamba
  6964 | Lair:1   | Killed a black mamba
  6965 | Lair:1   | Killed Grum
  7051 | Lair:1   | Noticed a cane toad
  7057 | Lair:1   | Killed a cane toad
  7058 | Lair:1   | Reached XP level 11. HP: 71/83 MP: 16/25
  7118 | Lair:1   | Reached skill level 10 in Fire Magic
  7652 | D:8      | Reached **** piety under Ashenzari
  7658 | D:8      | Noticed a two-headed ogre
  7679 | D:8      | Killed a two-headed ogre
  7680 | D:8      | Reached skill level 10 in Conjurations
  7951 | D:8      | Killed a two-headed ogre
  8091 | D:8      | Learned a level 6 spell: Starburst
  8114 | D:9      | Found a snail-covered altar of Cheibriados.
  8145 | D:9      | Found Lagacorph's General Store.
  8181 | D:9      | Reached skill level 11 in Fire Magic
  8661 | D:9      | Found a stormy altar of Qazlal.
  8662 | D:9      | Found a bloodstained altar of Trog.
  8663 | D:9      | Found an iron altar of Okawaru.
  8787 | D:9      | Found a glowing silver altar of Zin.
  8920 | D:6      | Bought a glowing great mace for 247 gold pieces
  8984 | D:10     | Entered Level 10 of the Dungeon
  8993 | D:10     | Reached skill level 1 in Maces & Flails
  9193 | D:10     | Found a staircase to the Orcish Mines.
  9206 | D:10     | Noticed Urug
  9220 | D:10     | HP: 15/84 [Urug/+0 demon trident (18)]
  9220 | D:10     | Mangled by a komodo dragon

Illustrated notes

Levels and vault maps discovered:
D:1:      beargit_arrival_greenhouse, layout_loops_ring, serial_shops,
          nicolae_shop_peninsula, nicolae_shop_scrapyard,
          nicolae_shop_mannequins, chequers_ecumenical_altar_island
D:2:      layout_basic, serial_aquarium, aquarium_bridge_long_separate
          [aquarium_subvault_wall, aquarium_subvault_bridge,
          aquarium_subvault_bridge, aquarium_subvault_bridge,
          aquarium_subvault_bridge, aquarium_subvault_bridge],
          aquarium_bridge_straight [aquarium_subvault_bridge,
          aquarium_subvault_window, aquarium_subvault_bridge,
          aquarium_subvault_wall], aquarium_window_2, aquarium_window_fake,
          aquarium_window_fake, aquarium_view_2e, aquarium_view_2b,
          aquarium_balcony_double_4
D:3:      layout_loops_ring, vehumet_crystals, ebering_ghost_sewer_d
D:4:      layout_cave_pods, marbit_many_paths, nicolae_uskayaw_en_pointe,
          temple_doors_e
D:5:      layout_basic, serial_shops, nicolae_shop_tiny_statue_garden
D:6:      layout_rooms, serial_shops, nicolae_shop_statue_plus,
          mrwooster_statue_mirror, nicolae_elemental_shop, uniq_menkaure
D:7:      cheibrodos_barr_body, layout_basic,
          regret_index_kikubaaqudgha_part_by_part, enter_bailey_5
D:8:      layout_gridville, lair_entry_dummy
D:9:      minmay_thick_lines, layout_small_grid,
          mainiacjoe_overflow_surrounded_room, mainiacjoe_overflow_alcove_2,
          gammafunk_temple_overflow_forgotten, serial_shops,
          nicolae_shop_rolling_square, hex_large
D:10:     layout_loops_ring, david_orc_2, special_room [special_room_bee],
          hangedman_decor_push, uniq_urug
Temple:   hellmonk_temple_forest_ring
Lair:1:   layout_concentric_octagons, chequers_serial_rivers_small_3,
          beast_lair_carwin_7, uniq_grum

Skill      XL: |  1  2  3  4  5  6  7  8  9 10 11 |
---------------+----------------------------------+-----
Conjurations   | 2 3 4 5 6 7 9 10 | 10.9
Spellcasting   | 3 4 5 6 7 8 |  8.0
Fire Magic     | 4 5 7 8 9 11 | 11.2
Fighting       | 4 |  4.5
Maces & Flails | 4 |  4.9
Dodging        | |  2.0
Stealth        | |  2.0

Action                     |  1- 3 |  4- 6 |  7- 9 | 10-12 || total
---------------------------+-------+-------+-------+-------++-------
  Melee: Unarmed           |    27 |       |       |       ||    27
         Falchion          |       |    12 |    16 |    26 ||    54
         Punch             |       |       |     2 |     1 ||     3
   Cast: Foxfire           |    50 |   116 |   107 |    65 ||   338
         Scorch            |       |    14 |    35 |     8 ||    57
         Flame Wave        |       |       |    14 |    59 ||    73
 Invoke: Curse Item        |       |       |     3 |     4 ||     7
         Shatter the Chain |       |       |       |     1 ||     1
  Evoke: Wand              |       |       |     3 |       ||     3
    Use: Scroll            |       |     1 |     5 |     7 ||    13
         Potion            |       |       |       |     3 ||     3
 Armour: Robe              |    27 |    39 |    70 |    94 ||   230
         Steam dragon scal |       |       |       |    15 ||    15
  Dodge: Dodged            |    36 |    45 |    53 |   104 ||   238

Table legend: (Time is in decaauts)
 A = Elapsed time spent in this place.
 B = Non-inter-level travel time spent in this place.
 C = Inter-level travel time spent in this place.
 D = Time resting spent in this place.
 E = Time spent auto-exploring this place.
 F = Levels seen in this place.
 G = Mean time per level.
                   A        B        C        D        E       F      G
               +--------+--------+--------+--------+--------+-----+--------+
         Total |   9270 |   8550 |    720 |    603 |   5860 |  13 |  713.1 |
       Dungeon |   8363 |   7703 |    660 |    492 |   5363 |  10 |  836.3 |
        Temple |     30 |      2 |     28 |      0 |      0 |   1 |   30.0 |
          Lair |    629 |    597 |     32 |      0 |    478 |   1 |  629.0 |
        Bailey |    247 |    247 |      0 |    111 |     18 |   1 |  247.0 |
               +--------+--------+--------+--------+--------+-----+--------+

Top non-repeatable levels by time:
     D:2: 1207 daAuts
     D:7: 1095 daAuts
     D:5: 1063 daAuts
     D:8: 872 daAuts
     D:9: 870 daAuts
     D:4: 870 daAuts
     D:1: 844 daAuts
     D:3: 748 daAuts
  Lair:1: 629 daAuts
     D:6: 600 daAuts
  Bailey: 247 daAuts
    D:10: 190 daAuts
  Temple: 30 daAuts
